 Dungeon Crawl Stone Soup version 0.31-a0-1074-g0b22e4e0f1 (webtiles) character file.

Game seed: 10083568720421684182

107 Jeffwins the Stinger (level 4, -5/22 HPs)
             Began as a Vine Stalker Venom Mage on Dec 4, 2023.
             Slain by an orc
             ... wielding a +0 trident
              (6 damage)
             ... on level 3 of the Dungeon.
             The game lasted 00:03:05 (1587 turns).

Jeffwins the Stinger (Vine Stalker Venom Mage)      Turns: 1587, Time: 00:03:06

Health: -5/22      AC:  2    Str: 10    XL:     4   Next: 85%
Magic:  0/9        EV: 12    Int: 17    God:
Gold:   35         SH:  0    Dex: 15    Spells: 5/9 levels left

rFire   . . .        m - +3 flail
rCold   . . .        (no shield)
rNeg    . . .        a - +0 robe
rPois   .            (no helmet)
rElec   .            (no cloak)
rCorr   +            (no gloves)
SInv    .            (no boots)
Will    .....        g - amulet of regeneration
Stlth   ++           R - ring of resist corrosion
HPRegen 1.83/turn    (no ring)
MPRegen 0.11/turn

%: guardian spirit
@: no status effects
A: fangs 2, regeneration 1, magic shield, antimagic bite, no potion heal 2
a: no special abilities


You were on level 3 of the Dungeon.
You visited 1 branch of the dungeon, and saw 3 of its levels.

You collected 35 gold pieces.


Innate Abilities, Weirdness & Mutations

You have extremely sharp teeth.
Your natural rate of healing is unusually fast.
When hurt, damage is shared between your health and your magic reserves.
Your bite disrupts and absorbs the magic of your enemies.
Potions cannot restore your health.


   Skills:
 + Level 1.1 Fighting
 - Level 2.0 Dodging
 + Level 3.2 Stealth
 * Level 3.1 Spellcasting
 + Level 0.6 Conjurations
 - Level 1.0 Transmutations
 + Level 0.6 Air Magic
 * Level 3.7 Poison Magic


You had 5 spell levels left.
You knew the following spells:

 Your Spells              Type           Power      Damage    Failure   Level
m - Mephitic Cloud        Conj/Pois/Air  8%         N/A       26%         3
z - Sting                 Tmut/Pois      40%        1d5       7%          1

Your spell library contained the following spells:

 Spells                   Type           Power      Damage    Failure   Level
 Poisonous Vapours        Pois/Air       20%        N/A       11%         2
 Olgreb's Toxic Radiance  Pois           15%        N/A       36%         4
 Manifold Assault         Tloc           2%         N/A       86%         4
 Dispersal                Tloc           1%         N/A       100%        6
 Disjunction              Tloc           1%         N/A       100%        8

Inventory:

Hand Weapons
 d - a +0 short sword
 e - a +0 flail
 m - a +3 flail (weapon)
 p - a +4 dagger
Armour
 a - a +0 robe (worn)
Magical Staves
 i - a staff of cold
Jewellery
 g - an amulet of regeneration (around neck)
 R - a ring of resist corrosion (left hand)
Talismans
 h - a flux talisman
Scrolls
 c - a scroll of fog {unknown}
 f - a scroll of identify {unknown}
 j - a scroll of amnesia {unknown}
 k - a scroll of teleportation {unknown}
Potions
 b - a potion of magic
 l - a potion of haste {unknown}
 n - 2 potions of resistance {unknown}
 o - a potion of heal wounds {unknown}

Dungeon Overview and Level Annotations

Branches:
Dungeon (3/15)

Altars:
Fedhas

..#.......#.........
#.#######.########## #.#
#.# ### #.# ##'## #.. #.#
##...## #.# # #.#
##.....## #.# ###.#.#.#
##.......#####..
......)o###.........#.....
......obo@'.........'.....
##.#...####.........#.##..
#.##.# ##.......##.###.
#.### ##.....###.# #.
#.### ##...## #.# #† #...
##+## #.###. #..# #.#
#..... #..# #.# #####.
#..#### ##.## #.


You could see an orc priest (very poisoned), 2 orcs and a bat.


Message History

Aim: an orc priest, wielding a +0 morningstar and wearing a +0 ring mail (moderately wounded, 75% to hit)
The sting hits the orc priest.
The orc priest is poisoned.
The orc priest is moderately wounded.
The orc priest barely misses you.
The orc hits you from afar with a +0 trident.
* * * LOW HITPOINT WARNING * * *
Casting: Sting (safe; 7% risk of failure)
Confirm with . or Enter, or press ? or * to list all spells.
Aiming: Sting (safe; 7% risk of failure)
Press: ? - help, Shift-Dir - straight line, f/p - orc priest
Aim: an orc priest, wielding a +0 morningstar and wearing a +0 ring mail (moderately wounded, poisoned, 75% to hit)
The sting hits the orc priest.
The orc priest looks even sicker.
The orc priest is heavily wounded.
The orc priest hits you but does no damage.
The orc hits you from afar with a +0 trident.
* * * LOW HITPOINT WARNING * * *
Unknown command.
You closely miss the orc priest. Your bite misses the orc priest.
The orc priest is heavily wounded.
The orc priest barely misses you. The orc closely misses you.
Unknown command.
You hit the orc priest.
You bite the orc priest, but do no damage.
The orc priest is severely wounded.
The orc priest mumbles some strange prayers to Beogh against you.
Beogh smites you!
Ouch! That really hurt!
* * * LOW HITPOINT WARNING * * *
The orc hits you from afar with a +0 trident.
You die...

Skill      XL: |  1  2  3  4 |
---------------+-------------+-----
Stealth        | 3 |  3.2
Fighting       | 1 |  1.1
Spellcasting   | 3 |  3.1
Dodging        | 2 |  2.0
Conjurations   | |  0.6
Transmutations | |  1.0
Air Magic      | |  0.6
Poison Magic   | |  3.7

Action                     |  1- 3 |  4- 6 || total
---------------------------+-------+-------++-------
  Melee: Short sword       |     7 |       ||     7
         Bite              |    19 |    16 ||    35
         Unarmed           |     3 |       ||     3
         Flail             |    59 |    60 ||   119
         Punch             |     1 |       ||     1
         Dagger            |       |     7 ||     7
   Cast: Sting             |    19 |     2 ||    21
   Stab: Sleeping          |     7 |     3 ||    10
 Armour: Robe              |    55 |    40 ||    95
  Dodge: Dodged            |    66 |    52 ||   118

Levels and vault maps discovered:
D:1:      amcnicky_arrival_feature_with_door, layout_rooms,
          kennysheep_pointless_box, minmay_domino_2
D:2:      layout_loops_ring
D:3:      layout_loops_corners, mainiacjoe_overflow_paths, lemuel_doored_altar,
          serial_shops, shop, uniq_grinder, uniq_crazy_yiuf_cottage

Notes
Turn   | Place    | Note
-------+----------+-------------------------------------------
     0 | D:1      | Jeffwins the Vine Stalker Venom Mage began the quest for
                  | the Orb.
     0 | D:1      | Reached XP level 1. HP: 9/9 MP: 4/4
   178 | D:1      | Reached XP level 2. HP: 6/14 MP: 3/6
   280 | D:1      | Reached XP level 3. HP: 8/17 MP: 0/7
   294 | D:1      | Learned a level 3 spell: Mephitic Cloud
   699 | D:2      | Reached skill level 3 in Stealth
   820 | D:2      | Reached skill level 1 in Fighting
   820 | D:2      | Reached XP level 4. HP: 22/22 MP: 9/9
  1264 | D:2      | Reached skill level 3 in Spellcasting
  1446 | D:3      | Found a blossoming altar of Fedhas.
  1463 | D:3      | Reached skill level 2 in Dodging
  1587 | D:3      | HP: 1/22 [orc priest/divine providence (12)]
  1587 | D:3      | Slain by an orc

Vanquished Creatures
  4 adders
  A gnoll (D:1)
  3 worms
  2 orcs (D:3)
  2 endoplasms
  A giant cockroach (D:1)
  6 goblins
  6 hobgoblins
  2 quokkas
  7 ball pythons
  7 bats
  6 frilled lizards
  6 kobolds
  4 rats
57 creatures vanquished.

Table legend: (Time is in decaauts)
 A = Elapsed time spent in this place.
 B = Non-inter-level travel time spent in this place.
 C = Inter-level travel time spent in this place.
 D = Time resting spent in this place.
 E = Time spent auto-exploring this place.
 F = Levels seen in this place.
 G = Mean time per level.
                   A        B        C        D        E       F      G
               +--------+--------+--------+--------+--------+-----+--------+
         Total |   1631 |   1588 |     43 |      0 |   1159 |   3 |  543.7 |
       Dungeon |   1631 |   1588 |     43 |      0 |   1159 |   3 |  543.7 |
               +--------+--------+--------+--------+--------+-----+--------+

Top non-repeatable levels by time:
     D:2: 814 daAuts
     D:1: 662 daAuts
     D:3: 154 daAuts

Table legend:
 A = Non-vault XP
 B = Vault XP
 C = Vault XP percentage of total XP
 D = Non-vault monster count
 E = Vault monster count
 F = Vault count percentage of total count
                 A         B        C        D         E       F
            +---------+---------+-------+---------+---------+-------
      Total |     150 |       3 |   2.0 |      55 |       2 |   3.5
            +---------+---------+-------+---------+---------+-------
        D:1 |      42 |       3 |   6.7 |      21 |       2 |   8.7
        D:2 |      77 |       0 |   0.0 |      25 |       0 |   0.0
        D:3 |      31 |       0 |   0.0 |       9 |       0 |   0.0
            +---------+---------+-------+---------+---------+-------
